 Dungeon Crawl Stone Soup version 0.27-a0-96-gb51a1d6fd6 (webtiles) character file.

Game seed: 7476823513064885383

70 knot the Chopper (level 4, -1/52 HPs)
             Began as a Demonspawn Berserker on Jan 19, 2021.
             Was a Believer of Trog.
             Slain by Prince Ribbit (9 damage)
             ... on level 5 of the Dungeon.
             The game lasted 00:02:40 (2503 turns).

knot the Chopper (Demonspawn Berserker)             Turns: 2503, Time: 00:02:42

Health: -1/52      AC: 22    Str: 18    XL:     4   Next: 4%
Magic:  0/4        EV:  2    Int:  9    God:    Trog [**....]
Gold:   141        SH:  0    Dex: 12    Spells: 3/3 levels left

rFire    . . .     SeeInvis .   a - +0 hand axe
rCold    . . .     Faith    .   (no shield)
rNeg     + + +     Spirit   +   (armour currently unavailable)
rPois    +         Reflect  .   (helmet currently unavailable)
rElec    .         Harm     .   (cloak currently unavailable)
rCorr    .         Rampage  .   (gloves currently unavailable)
Will     .....     NoTele   +   (boots currently unavailable)
Stlth    +.........             (no amulet)
HPRegen  0.17/turn              b - +4 ring of evasion
MPRegen  0.09/turn              (no ring)

@: tree-form (expiring), berserk cooldown, very slightly contaminated, slowed,
invisible, very slow
A: magic shield
a: Renounce Religion, Berserk, Trog's Hand


You were on level 5 of the Dungeon.
You worshipped Trog.
Trog was pleased with you.
You were a tree.
You visited 1 branch of the dungeon, and saw 5 of its levels.

You collected 141 gold pieces.

Inventory:

Hand Weapons
 a - a +0 hand axe (weapon)
Missiles
 l - 24 sling bullets
 o - 25 stones
Armour
 i - a +0 ring mail (melded)
 m - a +0 cloak (melded)
Jewellery
 b - a +4 ring of evasion (left branch)
Scrolls
 d - 2 scrolls of immolation {unknown}
 e - 4 scrolls of identify {unknown}
 f - 3 scrolls of teleportation {unknown}
 k - a scroll of remove curse {unknown}
 p - a scroll of fog {unknown}
Potions
 c - a potion of curing {unknown}
 g - a potion of heal wounds {unknown}
 h - a potion of mutation {unknown}
 j - a potion of lignification


   Skills:
 - Level 3.0 Fighting
 + Level 4.5 Axes
 - Level 1.7 Armour
 - Level 1.7 Dodging


You had 3 spell levels left.
You didn't know any spells.
Your spell library was empty.

Dungeon Overview and Level Annotations

Branches:
Dungeon (6/15)
 Temple: D:4-7

Altars:
Ashenzari
Xom

Annotations:
D:5 Prince Ribbit


Innate Abilities, Weirdness & Mutations

When hurt, damage is shared between your health and your magic reserves.


Message History

Prince Ribbit hops awkwardly around.
Prince Ribbit hits you but does no damage.
Prince Ribbit hits you.
* * * LOW HITPOINT WARNING * * *
Really quaff the potion of lignification? [Y]es or [N]o only, please.
Really quaff the potion of lignification?
You are stuck in your current form!
It was a potion of invisibility.
You fade into invisibility!
Prince Ribbit hits you but does no damage.
Prince Ribbit completely misses you.
You are very lightly contaminated with residual magic.
You slash Prince Ribbit!
Prince Ribbit is severely wounded.
Prince Ribbit hits you.
* * * LOW HITPOINT WARNING * * *
Prince Ribbit asks, "Just a little smooch?"
Prince Ribbit hits you!
You die...

#....#
#.........
#.####
#.#######.
#.# #. #.#
#. #.# #.
#.# #. #.#
#. #F#
#.#######.
#########♣#
#......>..
..........#
########.#
###########
#.# #.# #.#
#.# ... ###


You could see Prince Ribbit.

Vanquished Creatures
  An adder (D:2)
  2 oozes (D:2)
  A dart slug (D:1)
  A leopard gecko (D:1)
  An orc (D:3)
  2 bats
  3 giant cockroaches
  7 hobgoblins
  3 jackals (D:3)
  5 kobolds
  A quokka (D:3)
  5 frilled lizards
  7 goblins
  7 rats
46 creatures vanquished.

Notes
Turn   | Place    | Note
-------+----------+-------------------------------------------
     0 | D:1      | knot the Demonspawn Berserker began the quest for the Orb.
     0 | D:1      | Reached XP level 1. HP: 18/18 MP: 1/1
    60 | D:1      | Reached skill level 3 in Axes
   500 | D:1      | Gained mutation: When hurt, damage is shared between your
                  | health and your magic reserves. [demonic ancestry]
   500 | D:1      | Reached XP level 2. HP: 24/24 MP: 2/2
  1121 | D:2      | Reached XP level 3. HP: 27/29 MP: 3/3
  1467 | D:2      | Reached skill level 4 in Axes
  2011 | D:3      | Found a broken altar of Ashenzari.
  2014 | D:3      | Found a shimmering altar of Xom.
  2280 | D:3      | Reached ** piety under Trog
  2353 | D:3      | Reached XP level 4. HP: 35/35 MP: 4/4
  2388 | D:3      | You fall into a shaft and drop 3 floors!
  2392 | D:5      | Entered Level 5 of the Dungeon
  2446 | D:5      | Noticed Prince Ribbit
  2503 | D:5      | Slain by Prince Ribbit

Illustrated notes

Levels and vault maps discovered:
D:1:      mainiacjoe_arrival_reflecting_pool, layout_rooms
D:2:      layout_basic
D:3:      layout_basic, lemuel_crystal_altar, st_stairs_11, grunt_ministairs_6,
          cheibrodos_ashenzari_chains
D:5:      layout_loops_ring, old_standard_altar, serial_shops,
          nicolae_shop_trees, minmay_joined_circles, uniq_prince_ribbit1
D:6:      layout_cave_pools, basic_altar, st_stairs_3, minmay_shop_mass,
          grunt_decor_clamped, uniq_edmund, uniq_crazy_yiuf_cottage

Skill      XL: |  1  2  3 |
---------------+----------+-----
Axes           | 3 4 |  4.5
Fighting       | |  3.0
Armour         | |  1.7
Dodging        | |  1.7

Action                   |  1- 3 |  4- 6 || total
-------------------------+-------+-------++-------
Melee: Hand axe          |   145 |    32 ||   177
Invok: Berserk           |     2 |     1 ||     3
  Use: Potion            |       |     3 ||     3
 Stab: Sleeping          |     1 |       ||     1
Armor: Animal skin       |     9 |       ||     9
       Ring mail         |    16 |     4 ||    20
       Skin              |       |    25 ||    25
Dodge: Dodged            |   108 |    16 ||   124

Table legend: (Time is in decaauts)
 A = Elapsed time spent in this place.
 B = Non-inter-level travel time spent in this place.
 C = Inter-level travel time spent in this place.
 D = Time resting spent in this place.
 E = Time spent auto-exploring this place.
 F = Levels seen in this place.
 G = Mean time per level.
                   A        B        C        D        E       F      G
               +--------+--------+--------+--------+--------+-----+--------+
         Total |   2539 |   2480 |     59 |    317 |   1772 |   5 |  507.8 |
       Dungeon |   2539 |   2480 |     59 |    317 |   1772 |   5 |  507.8 |
               +--------+--------+--------+--------+--------+-----+--------+

Top non-repeatable levels by time:
     D:2: 1171 daAuts
     D:1: 850 daAuts
     D:3: 395 daAuts
     D:5: 118 daAuts
     D:6: 3 daAuts
